 Dungeon Crawl Stone Soup version 0.25.1-2-g60ff931df9 (webtiles) character file.

Game seed: 15529839100221657575

117665 promet the Warrior (level 16, -2/149 HPs)
             Began as a Minotaur Fighter on Oct 2, 2020.
             Was the Champion of Yredelemnul.
             Slain by an eight-headed hydra (6 damage)
             ... called by a spriggan druid
             ... on level 4 of the Swamp on Oct 9, 2020.
             The game lasted 06:21:24 (36785 turns).

promet the Warrior (Minotaur Fighter)              Turns: 36785, Time: 06:21:25

Health: -2/149     AC: 16    Str: 21    XL:     16   Next: 23%
Magic:  21/21      EV: 16    Int:  6    God:    Yredelemnul [******]
Gold:   1403       SH: 19    Dex: 16    Spells: 18/20 levels left

rFire    . . .     SeeInvis +   I - +4 scimitar (flame)
rCold    . . .     Gourm    .   c - +0 tower shield
rNeg     . . .     Faith    +   C - +3 scale mail of the Other Side {*Contam +Blink Slay+3}
rPois    +         Spirit   .   q - +1 hat {SInv}
rElec    .         Reflect  .   A - +1 cloak {rPois}
rCorr    .         Harm     .   x - +0 pair of gloves
MR       ++...     Clarity  +   D - +0 pair of boots
Stlth    ++........             Z - amulet of faith
HPRegen  0.34/turn              j - +4 ring of evasion
MPRegen  0.17/turn              T - ring of protection from magic

@: about to teleport, lightly drained
A: retaliatory headbutt, horns 2, talons 1, clarity, deformed body
a: Recall Undead Slaves, Injury Mirror, Animate Dead, Drain Life, Enslave Soul,
Renounce Religion, Evoke Blink


You were on level 4 of the Swamp.
You worshipped Yredelemnul.
Yredelemnul was exalted by your worship.
You were not hungry.

You visited 4 branches of the dungeon, and saw 27 of its levels.

You collected 2455 gold pieces.
You spent 1052 gold pieces at shops.

Inventory:

Hand Weapons
 a - the +8 autumn katana {vorpal, Clar}
   (You bought it in a shop on level 2 of the Orcish Mines)

   It inflicts extra damage upon your enemies.
   It protects you against confusion.
 b - a +2 vorpal hand crossbow
 d - the +12 glaive of Prune {vorpal}
   (You found it on level 12 of the Dungeon)

   It inflicts extra damage upon your enemies.
 e - a +4 vorpal hand axe
 l - a +0 hunting sling of freezing
 B - a +2 flail of draining
 I - a +4 scimitar of flaming (weapon)
Missiles
 g - 711 stones
 r - 5 silver javelins
 s - 27 poisoned darts
 w - 33 boomerangs
 E - 225 sling bullets
 G - 217 bolts
 O - 10 javelins (quivered)
Armour
 c - a +0 tower shield (worn)
 q - a +1 hat of see invisible (worn)
 x - a +0 pair of gloves (worn)
 A - a +1 cloak of poison resistance (worn)
 C - the +3 scale mail of the Other Side (worn) {*Contam +Blink Slay+3}
   (You found it on level 10 of the Dungeon)

   It affects your accuracy and damage with ranged weapons and melee attacks
   (+3).
   It lets you blink.
   It causes magical contamination when unequipped.
 D - a +0 pair of boots (worn)
Jewellery
 j - a +4 ring of evasion (left hand)
 t - an uncursed ring of protection from cold
 y - an uncursed ring of flight
 K - an uncursed ring of fire
 T - a ring of protection from magic (right hand)
 V - an uncursed amulet of the acrobat
 Y - the ring "Zeiklun" {rElec Str+5 Int-2 Dex+6}
   (You found it on level 6 of the Lair of Beasts)

   [ring of dexterity]

   It affects your strength (+5).
   It affects your intelligence (-2).
   It affects your dexterity (+6).
   It insulates you from electricity.
 Z - an amulet of faith (around neck)
Wands
 k - a wand of enslavement (9)
 o - a wand of iceblast (23)
 p - a wand of acid (3)
 z - a wand of disintegration (51)
 N - a wand of flame (35)
 W - a wand of random effects (14)
Scrolls
 h - 6 scrolls of fear
 i - 7 scrolls of blinking
 m - 9 scrolls of teleportation
 u - 11 scrolls of remove curse
 J - 2 scrolls of fog
 M - 3 scrolls of magic mapping
 Q - a scroll of silence
 S - 4 scrolls of identify
Potions
 n - 6 potions of stabbing
 v - 4 potions of flight
 F - 3 potions of berserk rage
 L - 4 potions of curing
 P - 7 potions of might
 R - a potion of haste
 X - a potion of cancellation
Miscellaneous
 H - a phantom mirror
 U - a box of beasts
Comestibles
 f - 29 rations


   Skills:
 * Level 15.0(14.7) Fighting
 + Level 12.4(12.1) Long Blades
 + Level 13.9 Axes
 + Level 0.2(9.0) Maces & Flails
 + Level 5.1(10.3) Polearms
 + Level 1.8(4.1) Slings
 + Level 5.4(5.2) Crossbows
 + Level 5.7(5.6) Throwing
 + Level 12.8(12.5) Armour
 + Level 6.3(6.1) Dodging
 + Level 5.1(4.9) Stealth
 + Level 13.9(13.7) Shields
 + Level 2.9(2.8) Spellcasting
 + Level 8.7(8.5) Invocations
 + Level 0.2(0.0) Evocations


You had 18 spell levels left.
You knew the following spells:

 Your Spells              Type           Power        Failure   Level  Hunger
a - Foxfire               Conj/Fire      #...         98%         1    ##.....
b - Freeze                Ice            #...         98%         1    ##.....

Your spell library contained the following spells:

 Spells                   Type           Power        Failure   Level  Hunger
 Animate Skeleton         Necr           N/A          98%         1    ##.....
 Apportation              Tloc           #.....       98%         1    ##.....
 Corona                   Hex            #......      98%         1    ##.....
 Summon Small Mammal      Summ           #...         98%         1    ##.....
 Ensorcelled Hibernation  Hex/Ice        #.....       99%         2    ###....
 Song of Slaying          Chrm           #.......     99%         2    ###....
 Confusing Touch          Hex            #.......     100%        3    ####...
 Conjure Flame            Conj/Fire      #.......     100%        3    ####...
 Dazzling Flash           Conj/Hex       #.....       100%        3    ####...
 Frozen Ramparts          Ice            #.....       100%        3    ####...
 Inner Flame              Hex/Fire       #.......     100%        3    ####...
 Mephitic Cloud           Conj/Pois/Air  #.......     100%        3    ####...
 Ozocubu's Armour         Chrm/Ice       #.......     100%        3    ####...
 Spectral Weapon          Hex/Chrm       #.......     100%        3    ####...
 Tukima's Dance           Hex            #.......     100%        3    ####...
 Hailstorm                Conj/Ice       #.......     100%        4    #####..
 Leda's Liquefaction      Hex/Erth       #.........   100%        4    #####..
 Sticky Flame             Conj/Fire      #.......     100%        4    #####..
 Summon Ice Beast         Ice/Summ       #.......     100%        4    #####..
 Bolt of Magma            Conj/Fire/Erth #.........   100%        5    ######.
 Excruciating Wounds      Chrm/Necr      #.........   100%        5    ######.
 Fireball                 Conj/Fire      #.........   100%        5    ######.
 Iron Shot                Conj/Erth      #.........   100%        6    #######
 Statue Form              Tmut/Erth      #........    100%        6    #######
 Ring of Flames           Chrm/Fire      #.........   100%        7    #######
 Shatter                  Erth           #.........   100%        9    #######


Dungeon Overview and Level Annotations

Branches:
Dungeon (15/15)            Temple (0/1) D:5            Lair (6/6) D:8
  Swamp (4/4) Lair:3        Snake (0/4) Lair:3        Slime (0/5) Lair:6
    Orc (2/2) D:12            Elf (0/3) Orc:2        Vaults (0/5) D:14
 Depths (0/5) D:15

Altars:
Ashenzari
Cheibriados
Dithmenos
Hepliaklqana
Kikubaaqudgha
Makhleb
Sif Muna
Uskayaw
Xom
Yredelemnul
Zin
The Shining One
Beogh
Jiyva

Shops:
D:6 ?   D:11 (   Orc:2 (*=[

Portals:
Trove: D:15 (give +7 demon trident)

Annotations:
D:3 2 transporters, JayGee's ghost, amateur MiFi


Innate Abilities, Weirdness & Mutations

You reflexively headbutt those who attack you in melee.
You have a pair of horns on your head.
You have sharp toenails.
You possess an exceptional clarity of mind.
Armour fits poorly on your strangely shaped body.


Message History

You block the alligator's attack. The alligator tail-slaps you!
* * * LOW HITPOINT WARNING * * *
The alligator barely misses you.
The alligator tail-slaps you but does no damage.
The spriggan druid closely misses you.
You riposte.
You slash the spriggan druid! You burn the spriggan druid.
Your headbutt misses the spriggan druid.
The spriggan druid is moderately wounded.
You block the eight-headed hydra's attack.
The eight-headed hydra bites you.
* * * LOW HITPOINT WARNING * * *
The eight-headed hydra bites you.
* * * LOW HITPOINT WARNING * * *
You block the eight-headed hydra's attack. x2
The eight-headed hydra bites you!
* * * LOW HITPOINT WARNING * * *
You block the eight-headed hydra's attack.
The eight-headed hydra bites you.
You die...
Your body rises from the dead as a mindless zombie.

** **♣≈.≈.. ≈** ♣♣≈..≈. ,,**
***** ♣♣♣♣ ♣...≈≈. ≈≈<* *≈,≈*
♣..♣♣ ♣♣.≈..k) ≈≈,* *,,≈**
♣≈≈§♣♣♣ ♣..k..## ,,,****≈,,≈**
♣♣≈..≈♣♣ ♣♣..♣.#♣♣ ,,≈**≈,,,,≈,*
♣≈.≈≈≈≈♣♣♣[w≈♣##*# ,≈≈≈≈≈≈*≈,,,*
♣it≈≈≈..≈.≈..♣ *#.
≈≈,,,,**≈****♣♣♣@D≈w≈k....♣##*#≈.
≈,,***,,,≈**♣♣≈..t≈≈≈≈.?.♣# *,♣[.
≈≈≈≈*,≈.≈≈,*♣.....≈≈≈..♣♣♣ *≈..§
≈,***,.≈≈.≈*♣≈..≈≈≈≈≈§.♣ #..♣*
,≈* **.....♣♣..≈≈≈≈≈≈≈[# ***#.#**
,≈* *≈≈≈≈..≈.≈♣≈≈≈≈≈### *,,..*
*≈****.≈≈≈....)≈..[§## ***,≈,****
,≈**,,.≈≈≈≈≈≈≈≈.♣♣..# *,**,,,,*,
≈≈≈≈≈≈..≈≈≈≈≈≈≈≈♣♣♣<# *,,,,8,≈,*


You could see 2 alligators, an eight-headed hydra, a tyrant leech, a spriggan
druid and a swamp drake.

Vanquished Creatures
  Kirke (D:13)
  Roxanne (D:14)
  An orc warlord (Orc:1)
  Nessos (D:13)
  Azrael (Orc:2)
  Snorg (Lair:4)
  2 hydras
  Harold (D:7)
  An ogre mage (D:12)
  2 catoblepae
  Erica (D:9)
  5 two-headed ogres
  5 alligators
  6 centaur warriors
  A dancing weapon (D:7)
  2 death yaks
  2 spriggans
  A flayed ghost (Swamp:4)
  A swamp dragon (Swamp:2)
  Pikel (D:8)
  A spectral hydra (Swamp:4)
  A wolf spider zombie (D:10)
  An orc knight (Orc:2)
  An orc sorcerer (Orc:2)
  4 deep elf magi
  8 ugly things
  A cyclops (D:15)
  4 manticores
  2 black mambas
  An elephant (Lair:3)
  Maurice (D:8)
  Maggie (D:8)
  A gargoyle (D:15)
  2 centaur skeletons (D:13)
  6 spiny frogs
  A komodo dragon (Lair:5)
  A kobold demonologist (D:12)
  A rime drake (Lair:4)
  3 yaktaurs (D:14)
  A death drake zombie (Swamp:4)
  A hydra zombie (Swamp:4)
  3 tyrant leeches
  A queen bee (Lair:3)
  A hornet (Swamp:1)
  5 trolls
  6 hippogriffs
  2 bog bodies
  11 slime creatures
  12 blink frogs
  35 yaks
  2 wraiths
  A human (D:7)
  A basilisk (Lair:3)
  2 vampires
  3 hogs
  7 swamp worms
  6 vampire mosquitoes
  Menkaure (D:4)
  A hungry ghost (D:8)
  A warg (Orc:1)
  2 acid dragons (D:14)
  9 insubstantial wisps
  Edmund (D:4)
  7 porcupines
  3 water moccasins
  6 orc warriors
  4 sky beasts
  6 swamp drakes
  2 black bears
  7 ogres
  4 ice beasts
  3 slaves (D:8)
  2 wolves (D:8)
  13 centaurs
  7 crocodiles
  A big kobold (D:14)
  Blork the orc (D:4)
  12 bullfrogs
  A gnoll sergeant (Orc:1)
  4 scorpions
  A wyvern skeleton (D:13)
  22 killer bees
  3 wights
  7 howler monkeys
  3 electric eels (Lair:5)
  3 crimson imps
  4 human zombies (D:8)
  A quasit (D:12)
  5 jellies
  3 bullfrog skeletons
  16 orc wizards
  11 orc priests
  11 hounds
  Crazy Yiuf (D:4)
  3 iguanas
  4 human skeletons (D:8)
  8 hell rats
  7 worker ants
  2 killer bee zombies
  2 hound zombies (D:8)
  A hound skeleton (D:4)
  A mummy (D:8)
  A worker ant zombie (D:8)
  A howler monkey zombie (D:5)
  A gnoll (Orc:1)
  13 adders
  2 howler monkey skeletons
  A dart slug (D:3)
  2 worms
  7 leopard geckos
  42 orcs
  4 bats
  6 giant cockroaches
  6 goblins
  3 hobgoblins
  5 jackals
  5 quokkas
  3 ball pythons
  6 frilled lizards
  11 kobolds
  A quokka skeleton (D:8)
  9 rats
  3 briar patches (Swamp:4)
  A plant (Lair:5)
528 creatures vanquished.

Vanquished Creatures (collateral kills)
  Rupert (Lair:6)
  Gastronok (D:8)
  4 thorn hunters
  3 hydra zombies (Swamp:4)
  The ghost of Patoropollo the Blocker, a journeyman GnFi of the Shining One (Lair:3)
  A stone giant (Orc:1)
  2 vampire knights (Swamp:4)
  An ettin (D:15)
  2 ogre magi
  A vault guard (D:15)
  A shambling mangrove (Swamp:1)
  A catoblepas (Lair:4)
  2 centaur warriors
  11 hydras
  5 alligators
  A death yak (Lair:6)
  An orc high priest (Orc:2)
  Nergalle (Orc:2)
  A deep elf knight (D:14)
  The ghost of LardOfLeggins the Skirmisher, a novice DsFi of Wu Jian (D:7)
  2 spriggan druids
  7 swamp dragons
  4 spectral hydras (Swamp:4)
  2 orc knights (Orc:2)
  A phantasmal warrior (Swamp:4)
  4 oklob plants (Lair:3)
  7 deep elf magi
  14 ugly things
  2 orc sorcerers
  A cyclops (D:14)
  2 black mambas (Lair:6)
  A centaur zombie (D:15)
  5 elephants
  A manticore (D:11)
  Joseph (D:8)
  14 spiny frogs
  2 rime drakes
  A yaktaur (D:15)
  3 komodo dragons
  A tengu conjurer (D:15)
  5 trolls
  A freezing wraith (Swamp:4)
  2 death drake zombies (Swamp:4)
  5 hornets
  Prince Ribbit (D:9)
  12 tyrant leeches
  4 bog bodies
  13 blink frogs
  7 hippogriffs
  14 slime creatures
  3 spriggans
  31 yaks
  3 fire elementals (Orc:2)
  6 wyverns
  6 basilisks
  A wraith (D:14)
  A shadow (Swamp:2)
  A hungry ghost (D:13)
  3 wargs
  7 insubstantial wisps
  13 vampire mosquitoes
  A hydra simulacrum (Swamp:4)
  5 swamp worms
  An acid dragon (D:12)
  4 water moccasins
  A hell hound (Orc:2)
  4 swamp drakes
  A black bear (D:12)
  A swamp dragon zombie (Swamp:4)
  An eye of draining (D:13)
  4 ogres
  18 orc warriors
  A boggart (D:14)
  3 wolves
  9 centaurs
  7 crocodiles
  A big kobold (D:11)
  17 bullfrogs
  18 killer bees
  7 wights (D:14)
  An electric eel (Lair:2)
  2 crimson imps (D:14)
  A hound (D:14)
  9 orc priests
  8 orc wizards
  2 worker ants
  6 hell rats
  2 gnolls (Orc:1)
  2 leopard geckos (D:11)
  32 orcs
  6 kobolds
  7 briar patches (Swamp:3)
  8 fungi
  22 plants
468 creatures vanquished.

Vanquished Creatures (others)
  4 ghouls
  6 vampire knights
  4 skeletal warriors
  6 flayed ghosts
  5 phantasmal warriors
  3 centaur zombies
  A death yak zombie (Lair:6)
  A ghoul skeleton (D:13)
  2 hydra zombies
  2 ugly thing zombies
  2 black mamba zombies
  10 flying skulls
  6 vampires
  2 wraiths (Lair:4)
  An alligator skeleton (Swamp:4)
  A fire elemental (Orc:2)
  3 spiny frog zombies (Lair:6)
  A slave (D:8)
  2 swamp dragon zombies (Swamp:4)
  An elf zombie (D:12)
  4 blink frog zombies
  A vampire mosquito zombie (Lair:6)
  2 blink frog skeletons (Lair:6)
  A komodo dragon zombie (Lair:6)
  A hell hound zombie (Orc:2)
  A wyvern skeleton (D:14)
  A water moccasin zombie (Lair:3)
  A warg zombie (Orc:1)
  A troll zombie (Orc:1)
  4 yak zombies
  4 yak skeletons
  2 wights
  3 bullfrog zombies
  A black bear zombie (D:12)
  A centaur skeleton (D:7)
  A worker ant (D:8)
  2 porcupine zombies
  2 killer bee zombies (Lair:3)
  A porcupine skeleton (D:8)
  A crocodile zombie (D:8)
  3 ogre zombies
  A big kobold zombie (D:14)
  3 sky beast zombies
  An ogre skeleton (D:12)
  2 hound skeletons (D:12)
  A hound zombie (D:14)
  A mummy (D:10)
  4 hell rat zombies
  A howler monkey skeleton (D:8)
  A gnoll zombie (Orc:1)
  A scorpion zombie (D:8)
  3 swamp drake zombies (Swamp:4)
  An electric eel zombie (Lair:5)
  An adder skeleton (D:12)
  2 electric eel skeletons
  A leopard gecko skeleton (D:11)
  9 orc skeletons
  27 orc zombies
  6 briar patches
  4 foxfires
  12 fungi
  52 plants
235 creatures vanquished.

Grand Total: 1231 creatures vanquished

Notes
Turn   | Place    | Note
-------+----------+-------------------------------------------
     0 | D:1      | promet the Minotaur Fighter began the quest for the Orb.
     0 | D:1      | Reached XP level 1. HP: 19/19 MP: 0/0
   204 | D:1      | Reached skill level 4 in Fighting
   207 | D:1      | Reached XP level 2. HP: 27/27 MP: 1/1
   491 | D:1      | Gained mutation: Scrolls take you a little longer to read.
                  | [potion of mutation]
   491 | D:1      | Gained mutation: You have sharp toenails. [potion of
                  | mutation]
   586 | D:2      | Reached XP level 3. HP: 33/33 MP: 2/2
   851 | D:2      | Found a faded altar of an unknown god.
   983 | D:2      | Found a glowing golden altar of the Shining One.
  1049 | D:2      | Reached XP level 4. HP: 41/41 MP: 3/3
  1401 | D:3      | Reached skill level 1 in Axes
  1405 | D:3      | Found a transporter.
  1405 | D:3      | Noticed JayGee's ghost (amateur MiFi)
  1622 | D:3      | Found a transporter.
  1938 | D:4      | Reached XP level 5. HP: 47/47 MP: 4/4
  1940 | D:4      | Noticed Menkaure
  2229 | D:4      | Reached skill level 5 in Fighting
  2229 | D:4      | Reached skill level 5 in Armour
  2792 | D:4      | Killed Menkaure
  2792 | D:4      | Reached skill level 1 in Stealth
  2792 | D:4      | Reached XP level 6. HP: 36/56 MP: 5/5
  3063 | D:4      | Found a basalt altar of Yredelemnul.
  3092 | D:4      | Became a worshipper of Yredelemnul the Dark
  3126 | D:4      | Found a runed translucent door.
  3129 | D:4      | Noticed Crazy Yiuf
  3244 | D:4      | Noticed Blork the orc
  3256 | D:4      | Killed Blork the orc
  3256 | D:4      | Reached skill level 1 in Slings
  3256 | D:4      | Reached skill level 5 in Shields
  3256 | D:4      | Reached XP level 7. HP: 42/61 MP: 6/6
  3396 | D:4      | Noticed Edmund
  3407 | D:4      | Killed Edmund
  3588 | D:4      | Found a shattered altar of Ashenzari.
  3862 | D:4      | Found a shimmering blue altar of Sif Muna.
  4008 | D:4      | Killed Crazy Yiuf
  4111 | D:5      | Entered Level 5 of the Dungeon
  4270 | D:5      | Found a burning altar of Makhleb.
  4276 | D:5      | Reached skill level 1 in Throwing
  4575 | D:5      | Reached skill level 6 in Fighting
  4575 | D:5      | Reached XP level 8. HP: 44/70 MP: 7/7
  4716 | D:5      | Found a staircase to the Ecumenical Temple.
  4862 | D:5      | Reached skill level 1 in Dodging
  5298 | D:6      | Found a snail-covered altar of Cheibriados.
  5331 | D:6      | Reached skill level 5 in Axes
  5368 | D:6      | Found a shimmering altar of Xom.
  5427 | D:6      | Found Guuwefy's Magic Scroll Shop.
  5468 | D:6      | Bought a scroll of enchant armour for 90 gold pieces
  5468 | D:6      | Bought a scroll of teleportation for 36 gold pieces
  5485 | D:6      | You fall into a shaft and drop 3 floors!
  5682 | D:8      | Noticed Maurice
  5904 | D:7      | Reached * piety under Yredelemnul
  6048 | D:7      | Noticed Harold
  6074 | D:7      | Killed Harold
  6074 | D:7      | Reached skill level 7 in Fighting
  6074 | D:7      | Reached XP level 9. HP: 70/79 MP: 8/8
  6326 | D:7      | Found a hide-covered altar of Uskayaw.
  6480 | D:6      | Found a shadowy altar of Dithmenos.
  6537 | D:6      | Found a shadowy altar of Dithmenos.
  6538 | D:6      | Found a hazy altar of Hepliaklqana.
  6803 | D:6      | Found a glowing silver altar of Zin.
  6803 | D:6      | Noticed an angel
  6994 | D:7      | Reached skill level 1 in Invocations
  7002 | D:7      | Reached skill level 8 in Fighting
  7004 | D:7      | Reached ** piety under Yredelemnul
  7138 | D:7      | Found a runed translucent door.
  7138 | D:7      | Found a shimmering altar of Xom.
  7138 | D:7      | Noticed LardOfLeggins's ghost (novice DsFi)
  7138 | D:7      | Noticed a +2 short sword of chaos
  7151 | D:7      | Killed a +2 short sword of chaos
  7151 | D:7      | Reached XP level 10. HP: 81/89 MP: 10/10
  7176 | D:7      | Killed LardOfLeggins's ghost
  7446 | D:8      | Noticed Pikel
  7459 | D:8      | Reached skill level 9 in Fighting
  7472 | D:8      | Killed Pikel
  7609 | D:8      | Found a staircase to the Lair.
  7666 | D:8      | Noticed Maggie
  7685 | D:8      | Killed Maggie
  7820 | D:8      | Killed Maurice
  7890 | D:8      | Found an ancient bone altar of Kikubaaqudgha.
  8061 | D:8      | Reached skill level 10 in Axes
  8173 | D:8      | Reached *** piety under Yredelemnul
  8178 | D:8      | Reached skill level 10 in Fighting
  8178 | D:8      | Reached XP level 11. HP: 99/99 MP: 12/12
  8392 | D:8      | Noticed Joseph
  8406 | D:8      | Killed Joseph
  8843 | D:8      | Noticed a centaur warrior
  9590 | D:9      | Noticed Gastronok
  9684 | D:8      | Killed Gastronok
  9684 | D:8      | Reached skill level 1 in Crossbows
  9684 | D:8      | Reached skill level 10 in Shields
  9813 | D:9      | Noticed Prince Ribbit
  9820 | D:9      | Killed Prince Ribbit
  9856 | D:9      | Noticed Erica
  9867 | D:9      | Killed Erica
 10429 | D:10     | Entered Level 10 of the Dungeon
 10429 | D:10     | Noticed a two-headed ogre
 10444 | D:9      | Killed a two-headed ogre
 10739 | D:10     | Received a gift from Yredelemnul (a mummy)
 10742 | D:10     | Reached skill level 11 in Fighting
 10752 | D:10     | Noticed a two-headed ogre
 10775 | D:10     | Reached skill level 5 in Throwing
 10784 | D:10     | Killed a two-headed ogre
 11344 | D:10     | Lost mutation: Scrolls take you a little longer to read.
                  | [potion of mutation]
 11344 | D:10     | Gained mutation: You possess an exceptional clarity of
                  | mind. [potion of mutation]
 11344 | D:10     | Gained mutation: Armour fits poorly on your strangely
                  | shaped body. [potion of mutation]
 11344 | D:10     | Gained mutation: You are agile. (Dex +2) [potion of
                  | mutation]
 11352 | D:10     | Identified the +3 scale mail of the Other Side {*Contam
                  | +Blink Slay+3} (You found it on level 10 of the Dungeon)
 11883 | D:11     | Received a gift from Yredelemnul (2 flying skulls)
 12014 | D:11     | Noticed a two-headed ogre
 12021 | D:11     | Killed a two-headed ogre
 12403 | D:11     | Noticed a purple ugly thing
 12412 | D:11     | Killed a purple ugly thing
 12412 | D:11     | Reached XP level 12. HP: 110/110 MP: 13/13
 12620 | D:11     | Reached **** piety under Yredelemnul
 12638 | D:11     | Received a gift from Yredelemnul (3 flying skulls)
 12846 | D:11     | Found Yklerr's Antique Weapon Shop.
 13263 | Lair:1   | Entered Level 1 of the Lair of Beasts
 13928 | Lair:1   | Reached skill level 10 in Armour
 14435 | Lair:2   | Found a dark tunnel.
 14952 | Lair:3   | Found a runed translucent door.
 15006 | Lair:3   | Noticed Patoropollo's ghost (journeyman GnFi)
 15131 | Lair:3   | Reached skill level 12 in Fighting
 15145 | Lair:3   | Received a gift from Yredelemnul (a wraith)
 15293 | Lair:3   | Found a staircase to the Snake Pit.
 15306 | Lair:3   | Reached skill level 5 in Invocations
 15384 | Lair:3   | Found a staircase to the Swamp.
 15622 | Lair:3   | Noticed a catoblepas
 15630 | Lair:3   | Killed a catoblepas
 15981 | Lair:3   | Received a gift from Yredelemnul (a wight)
 16336 | Lair:3   | Reached ***** piety under Yredelemnul
 16391 | Lair:3   | Received a gift from Yredelemnul (a wraith)
 16618 | Lair:3   | Killed Patoropollo's ghost
 16637 | Lair:3   | Identified Cassiosk's Guide on Battle Magic and
                  | Augmentations
 16826 | Lair:4   | Reached XP level 13. HP: 94/119 MP: 12/16
 16867 | Lair:4   | Noticed Snorg
 16882 | Lair:4   | Killed Snorg
 18806 | Lair:5   | Reached skill level 13 in Fighting
 19318 | Lair:5   | Learned a level 1 spell: Foxfire
 19320 | Lair:5   | Learned a level 1 spell: Freeze
 19629 | Lair:5   | Received a gift from Yredelemnul (a wight)
 19981 | Lair:6   | Entered Level 6 of the Lair of Beasts
 20002 | Lair:6   | Received a gift from Yredelemnul (a phantasmal warrior)
 20018 | Lair:6   | Reached skill level 1 in Spellcasting
 20594 | Lair:6   | Received a gift from Yredelemnul (5 flying skulls)
 20645 | Lair:6   | Received a gift from Yredelemnul (a phantasmal warrior)
 20685 | Lair:6   | Received a gift from Yredelemnul (a flayed ghost)
 21012 | Lair:6   | Found a staircase to the Slime Pits.
 21012 | Lair:6   | Found a viscous altar of Jiyva.
 21051 | Lair:6   | Reached skill level 5 in Dodging
 21121 | Lair:6   | Reached XP level 14. HP: 123/129 MP: 15/18
 21135 | Lair:6   | Reached ****** piety under Yredelemnul
 21177 | Lair:6   | Noticed Rupert
 21177 | Lair:6   | Paralysed by Rupert for 4 turns
 21191 | Lair:6   | Killed Rupert
 21337 | Lair:6   | Received a gift from Yredelemnul (a phantasmal warrior)
 21638 | Lair:6   | Got a slimy copper ring
 22526 | D:12     | Noticed Nessos
 22802 | D:12     | Received a gift from Yredelemnul (a skeletal warrior)
 22973 | D:12     | Found a staircase to the Orcish Mines.
 23017 | D:12     | Received a gift from Yredelemnul (a phantasmal warrior)
 23248 | D:12     | Received a gift from Yredelemnul (a vampire)
 23730 | D:12     | Found the +12 glaive of Prune {vorpal}
 23803 | Orc:1    | Entered Level 1 of the Orcish Mines
 23822 | Orc:1    | Received a gift from Yredelemnul (a vampire)
 23945 | Orc:1    | Noticed a stone giant
 23949 | Orc:1    | Killed a stone giant
 23949 | Orc:1    | Reached skill level 1 in Polearms
 23953 | Orc:1    | Received a gift from Yredelemnul (a ghoul)
 24125 | Orc:1    | Received a gift from Yredelemnul (a vampire)
 24357 | Orc:2    | Entered Level 2 of the Orcish Mines
 24367 | Orc:2    | Noticed Azrael
 24376 | Orc:2    | Killed Azrael
 24382 | Orc:2    | Received a gift from Yredelemnul (a flayed ghost)
 24427 | Orc:2    | Found a staircase to the Elven Halls.
 24675 | Orc:2    | Noticed Nergalle
 24687 | Orc:2    | Received a gift from Yredelemnul (a vampire)
 24688 | Orc:2    | Killed Nergalle
 24951 | Orc:2    | Found a roughly hewn altar of Beogh.
 24964 | Orc:2    | Received a gift from Yredelemnul (a skeletal warrior)
 25187 | Orc:2    | Noticed an orc warlord
 25487 | Orc:1    | Killed an orc warlord
 25487 | Orc:1    | Reached skill level 14 in Fighting
 25814 | Orc:1    | Lost mutation: You are agile. (Dex +2) [mutagenic glow]
 26510 | Orc:2    | Paralysed by an orc sorcerer for 7 turns
 26639 | Orc:2    | Found Yrossa Qunu's Antique Armour Boutique.
 26648 | Orc:2    | Found Gokuirec's General Store.
 26671 | Orc:2    | Received a gift from Yredelemnul (a ghoul)
 26830 | Orc:2    | Found Moopt's Jewellery Boutique.
 26939 | Orc:2    | Found Suvuorcheddo's Antique Weapon Boutique.
 27509 | Orc:2    | Identified the ring "Zeiklun" {rElec Str+5 Int-2 Dex+6}
                  | (You found it on level 6 of the Lair of Beasts)
 27791 | Orc:2    | Bought the +8 autumn katana {vorpal, Clar} for 926 gold
                  | pieces
 27791 | Orc:2    | Found the +8 autumn katana {vorpal, Clar}
 27933 | D:13     | Killed Nessos
 28169 | D:13     | Reached skill level 5 in Polearms
 28537 | D:13     | Received a gift from Yredelemnul (a skeletal warrior)
 28552 | D:13     | Reached skill level 5 in Long Blades
 28552 | D:13     | Received a gift from Yredelemnul (a ghoul)
 28647 | D:13     | Noticed Kirke
 28655 | D:13     | Killed Kirke
 28822 | D:13     | Received a gift from Yredelemnul (a phantasmal warrior)
 29390 | D:14     | Received a gift from Yredelemnul (a skeletal warrior)
 29567 | D:14     | Received a gift from Yredelemnul (a flayed ghost)
 29661 | D:14     | Noticed Roxanne
 29690 | D:14     | Reached XP level 15. HP: 131/138 MP: 20/20
 30210 | D:14     | Found a gate to the Vaults.
 30361 | D:14     | Found a shimmering blue altar of Sif Muna.
 30582 | D:14     | Received a gift from Yredelemnul (a vampire knight)
 30705 | D:14     | Killed Roxanne
 30748 | D:15     | Entered Level 15 of the Dungeon
 31005 | D:15     | Received a gift from Yredelemnul (a vampire knight)
 31246 | D:15     | Reached skill level 10 in Long Blades
 31292 | D:15     | Found a staircase to the Depths.
 31370 | D:15     | Received a gift from Yredelemnul (a flayed ghost)
 31603 | D:15     | Found a portal to a secret trove of treasure.
 32075 | Swamp:1  | Entered Level 1 of the Swamp
 32082 | Swamp:1  | Received a gift from Yredelemnul (a ghoul)
 32087 | Swamp:1  | Received a gift from Yredelemnul (a vampire knight)
 32289 | Swamp:1  | Received a gift from Yredelemnul (a flayed ghost)
 32709 | Swamp:1  | Received a gift from Yredelemnul (a vampire)
 32970 | Swamp:2  | Noticed a thorn hunter
 32975 | Swamp:2  | Killed a thorn hunter
 33180 | Swamp:2  | Received a gift from Yredelemnul (a vampire)
 33382 | Swamp:2  | Received a gift from Yredelemnul (a vampire knight)
 34640 | Swamp:3  | Noticed a thorn hunter
 34650 | Swamp:3  | Killed a thorn hunter
 34652 | Swamp:3  | Received a gift from Yredelemnul (a vampire knight)
 35112 | Swamp:3  | Noticed a thorn hunter
 35123 | Swamp:3  | Killed a thorn hunter
 35330 | Swamp:3  | Noticed a thorn hunter
 35331 | Swamp:3  | Killed a thorn hunter
 35331 | Swamp:3  | Reached XP level 16. HP: 147/147 MP: 21/21
 35759 | Swamp:4  | Entered Level 4 of the Swamp
 35772 | Swamp:4  | Received a gift from Yredelemnul (a vampire knight)
 36237 | Swamp:4  | Reached skill level 5 in Crossbows
 36238 | Swamp:4  | Received a gift from Yredelemnul (a flayed ghost)
 36248 | Swamp:4  | Reached skill level 5 in Stealth
 36311 | Swamp:4  | Reached skill level 15 in Fighting
 36317 | Swamp:4  | Noticed a thorn hunter
 36318 | Swamp:4  | Noticed a thorn hunter
 36785 | Swamp:4  | HP: 4/149 [eight-headed hydra[a spriggan druid] (10)]
 36785 | Swamp:4  | Slain by an eight-headed hydra

Illustrated notes

Levels and vault maps discovered:
D:1:      tarquinn_simple_flora_water_b, layout_rooms
D:2:      layout_basic, chequers_ecumenical_altar_simple_redux, first_ration,
          tso_altar
D:3:      layout_loops_ring, gammafunk_ghost_arena
D:4:      layout_cave_pools, kennysheep_mini_moat, tgw_sif,
          lemuel_crystal_altar, serial_bayou_pond_e, uniq_blork_the_orc,
          uniq_edmund, uniq_menkaure, uniq_crazy_yiuf_cottage
D:5:      layout_basic, minmay_temple_entry_offerings, grunt_ministairs_7,
          makhleb_heckhound_becter
D:6:      layout_basic, riverfiend_overflow_shadow_ancestor,
          cheibriados_altar_1, brannock_xom_greatest_gift, zin_angel,
          serial_shops, shop, nicolae_dithmenos_through_a_glass_darkly
D:7:      layout_gridville, overflow_temple_1_default, ebering_ghost_xom,
          grunt_livestock, uniq_harold
D:8:      layout_basic, lemuel_mausoleum_altar_kikubaaqudgha,
          minmay_lair_entry_grove, minmay_shattered_shrine, uniq_maurice,
          uniq_maggie, uniq_joseph, uniq_pikel
D:9:      layout_basic, uniq_gastronok, uniq_erica, uniq_prince_ribbit1
D:10:     layout_big_octagon
D:11:     layout_roguey, serial_shops, shop
D:12:     layout_basic, orc_0_dummy, minmay_guarded_unrand_prune, uniq_nessos
D:13:     layout_loops_ring, uniq_kirke
D:14:     layout_loops_cross, hangedman_vaults_entry_quadrant_bands,
          basic_altar, uniq_roxanne
D:15:     hangedman_depths_entry_civil_slaughter, layout_gridville,
          enter_trove_5
Lair:1:   layout_gridlike, chequers_serial_rivers_micro_c, grunt_megastairs_1
Lair:2:   layout_gridlike, nicolae_volcano_entry_two_sided,
          infiniplex_staircase_pool, grunt_megastairs_4
Lair:3:   regret_index_harrowing_hell_hive, layout_long_grid,
          minmay_swamp_entry_worms, dummy_snake_entry,
          ebering_ghost_reflecting_pool, minmay_lair_oklob_chamber
Lair:4:   layout_roguey, uniq_snorg
Lair:5:   layout_regular_city, gauntlet_entry_generic, serial_bayou_shore_a
Lair:6:   minmay_lair_end_frog_pond, layout_cave_shapes, slime_altar_1,
          uniq_rupert
Swamp:1:  layout_falls_marsh, serial_swamp_ruin, evilmike_swamp_ruin_house_2,
          evilmike_swamp_ruin_rubble_2, swamp_pool1
Swamp:2:  layout_falls_marsh, evilmike_swamp_ruin_house_4
Swamp:3:  layout_basic_swamp, evilmike_swamp_ruin_house_5, swamp_pool4
Swamp:4:  byrel_swamp_growth_death_and_undeath, layout_basic_swamp, swamp_pool4
Orc:1:    layout_diamond_mine, nicolae_orc_flooded_monolith
Orc:2:    grunt_orc_cross, layout_caves, uniq_azrael

Skill      XL: |  1  2  3  4  5  6  7  8  9 10 11 12 13 14 15 16 |
---------------+-------------------------------------------------+-----
Fighting       | 4 5 6 7 8 10 11 12 13 14 15 | 15.0
Long Blades    | 3 6 12 | 12.4
Armour         | 4 5 6 7 8 9 10 11 12 | 12.8
Shields        | 4 5 7 8 9 10 11 12 13 | 13.9
Axes           | 1 2 3 4 6 8 10 11 12 13 | 13.9
Stealth        | 1 3 4 5 |  5.1
Slings         | 1 |  1.8
Throwing       | 1 2 3 4 5 |  5.7
Dodging        | 2 4 5 6 |  6.3
Invocations    | 2 3 5 7 8 |  8.7
Crossbows      | 3 4 5 |  5.4
Spellcasting   | 2 |  2.9
Polearms       | 5 |  5.1
Maces & Flails | |  0.2
Evocations     | |  0.2

Action                   |  1- 3 |  4- 6 |  7- 9 | 10-12 | 13-15 | 16-18 || total
-------------------------+-------+-------+-------+-------+-------+-------++-------
Melee: Long sword        |    63 |       |       |       |       |       ||    63
       Headbutt          |     4 |    10 |    40 |   142 |   209 |    10 ||   415
       Kick              |     9 |    20 |    73 |    82 |       |       ||   184
       Hand axe          |    13 |    74 |   223 |   579 |   388 |     1 ||  1278
       Scimitar          |       |       |       |       |    32 |     3 ||    35
       Glaive            |       |       |       |       |    70 |       ||    70
       Katana            |       |       |       |       |   289 |    36 ||   325
       Flail             |       |       |       |       |     1 |       ||     1
 Fire: Hunting sling     |       |    10 |       |       |       |       ||    10
       Hand crossbow     |       |       |       |    52 |    36 |    26 ||   114
Throw: Dart              |       |     4 |    21 |    12 |       |       ||    37
       Boomerang         |       |     3 |     9 |    30 |     1 |       ||    43
       Throwing net      |       |       |     1 |     6 |     1 |       ||     8
       Stone             |       |       |       |     8 |       |       ||     8
       Javelin           |       |       |       |       |    39 |       ||    39
 Cast: Foxfire           |       |       |       |       |     3 |       ||     3
Invok: Animate Remains   |       |       |    11 |     7 |       |       ||    18
       Animate Dead      |       |       |       |    40 |    83 |     7 ||   130
       Recall Undead Sla |       |       |       |     4 |     6 |     1 ||    11
 Abil: Evoke Blink       |       |       |       |     1 |       |     1 ||     2
Evoke: Wand              |       |       |       |       |     5 |       ||     5
       Box of beasts     |       |       |       |       |       |     1 ||     1
  Use: Scroll            |     6 |     5 |     8 |    14 |    16 |     3 ||    52
       Potion            |     6 |       |     1 |     8 |     4 |     1 ||    20
 Stab: Held in net/web   |       |       |     1 |     5 |       |       ||     6
       Distracted        |       |       |       |     8 |     9 |     2 ||    19
       Sleeping          |       |       |       |     1 |     2 |       ||     3
       Confused          |       |       |       |       |     1 |       ||     1
       Paralysed         |       |       |       |       |     3 |       ||     3
  Eat: Chunk             |     1 |     3 |    16 |    23 |    58 |     2 ||   103
       Ration            |       |     1 |       |     7 |     8 |     2 ||    18
Armor: Scale mail        |    33 |    16 |       |    33 |   179 |    29 ||   290
       Chain mail        |       |     2 |    76 |   100 |       |       ||   178
Dodge: Dodged            |    21 |    33 |    62 |   214 |   377 |    35 ||   742
Block: Kite shield       |    36 |    39 |    99 |   319 |   206 |       ||   699
       Tower shield      |       |       |       |       |   298 |    62 ||   360
       Rpst.: Long sword |     3 |       |       |       |       |       ||     3
       Scimitar          |       |       |       |       |     5 |     2 ||     7
       Katana            |       |       |       |       |    25 |     6 ||    31
